 Dungeon Crawl Stone Soup version 0.32-a0-607-g64ea0e4219 (webtiles) character file.

Game seed: 10916853287724614944

114 ytrimaz the Charlatan (level 4, -3/32 HPs)
             Began as a Coglin Artificer on Mar 4, 2024.
             Slain by a river rat (7 damage)
             ... in a sewer.
             The game lasted 00:02:42 (2290 turns).

ytrimaz the Charlatan (Coglin Artificer)            Turns: 2290, Time: 00:02:43

Health: -3/32      AC:  5    Str: 15    XL:     4   Next: 97%
Magic:  4/4        EV:  1    Int: 10    God:
Gold:   139        SH:  0    Dex: 14    Spells: 3/3 levels left

rFire   . . .        g - +2 dagger (venom) {Sunngifu}
rCold   . . .        l - +0 dagger (drain) {Qiuyue}
rNeg    . . .        b - +0 leather armour
rPois   .            (helmet restricted)
rElec   .            o - +0 cloak
rCorr   .            p - +0 pair of gloves
SInv    .            (no boots)
Will    .....        (amulet unavailable)
Stlth   +            (ring unavailable)
HPRegen 0.25/turn    (ring unavailable)
MPRegen 0.09/turn    (no gizmo)

%: no passive effects
@: constricted, revved, very slow
A: off-hand wielding, slow wielding, warmup strikes, no jewellery, antennae 1,
devolution 1
a: Invent Gizmo


You were in a sewer.
You visited 1 branch of the dungeon, and saw 3 of its levels.
You also visited: Sewer.

You collected 139 gold pieces.


Innate Abilities, Weirdness & Mutations

You can wield a second weapon in your off-hand.
It takes a long time for you to wield or remove held weapons.
Your first few attacks do less damage.
You cannot equip rings or amulets.
You have a pair of small antennae on your head.
You have hidden genetic defects.


   Skills:
 - Level 1.0 Fighting
 + Level 2.3 Axes
 - Level 1.7 Armour
 - Level 0.8 Dodging
 - Level 0.7 Stealth
 * Level 6.3 Evocations


You had 3 spell levels left.
You didn't know any spells.
Your spell library contained the following spells:

 Spells                   Type           Power      Damage    Failure   Level
 Sandblast                Erth           0%         2d4       43%         1
 Passwall                 Erth           0%         N/A       80%         3
 Stone Arrow              Conj/Erth      0%         3d7       80%         3
 Brom's Barrelling Bould  Conj/Erth      0%         2d3       99%         4

Inventory:

Hand Weapons
 a - a +0 club {Bintanath}
 f - a +0 dagger {Juan}
 g - a +2 dagger of venom (weapon) {Sunngifu}
   (You took it off a kobold on level 3 of the Dungeon)
 l - a +0 dagger of draining (offhand) {Qiuyue}
   (You took it off a goblin on level 1 of the Dungeon)
Armour
 b - a +0 leather armour (worn)
 k - a +0 helmet
   (You found it on level 1 of the Dungeon)
 o - a +0 cloak (worn)
   (You found it on level 2 of the Dungeon)
 p - a +0 pair of gloves (worn)
   (You found it on level 2 of the Dungeon)
Wands
 c - a wand of flame (15) (quivered)
 d - a wand of charming (15)
 e - a wand of iceblast (5)
 q - a wand of polymorph (5)
   (You found it on level 2 of the Dungeon)
Scrolls
 h - 3 scrolls of teleportation
 n - a scroll of revelation {unknown}
Potions
 j - a potion of cancellation
 r - a potion of enlightenment {unknown}

Dungeon Overview and Level Annotations

Branches:
Dungeon (3/15) Zot: 15901   Sewer (1/1) Zot: 5770

Altars:

###
.....##
##..
......#
#...
......##
##...
#......#
#....
#.r~~..#
##~..
#Sr≈~~≈#
#≈≈~~
#Srr~≈≈#
#≈≈~~
#@Sr≈≈≈#
#~#~~
#r≈≈≈≈≈#
#≈~#≈
#~~≈≈≈≈#
#≈~~≈
#≈.~~.≈#
#~≈≈≈
#≈.%.~~#
#.~≈≈
#≈~~.~##
#~≈~≈
#≈≈≈≈~~#
#≈~~≈
#≈≈~~≈~#
#≈~≈~
#≈≈~~~≈#
#≈≈~~


You could see 2 river rats, 3 ball pythons and 4 rats.


Message History

A rat is nearby!
A rat is nearby!
A rat is nearby!
The rat squeaks loudly.
You hit the rat with your +2 dagger of venom.
You kill the rat! 😕 HP[+1] No target in view!
Unknown command.
You open the door.
There is an open door here.
m - a blue potion 😎 HP[+1]
Your hp is fully restored (32).
n - a scroll labelled BAUN SAMMAI
r - a clear potion No target in view!
There is an open door here.
Key pressed, stopping explore.
No target in view!
You enter the shallow water.
Moving in this stuff is going to be slow.
You now have 139 gold pieces (gained 14).
You see here a beast talisman.
A river rat and a ball python come into view.
There are monsters nearby!
You enter the shallow water.
Moving in this stuff is going to be slow.
A rat comes into view.
The rat squeaks loudly.
You hear an angry hiss.
The river rat squeaks loudly.
A river rat comes into view.
There are monsters nearby!
A rat and 2 ball pythons come into view.
The ball python hisses angrily. x2; The river rat squeaks loudly.
You hear an angry hiss.
Unknown command.
The ball python bites you but does no damage.
The ball python barely misses you.
A ball python comes into view.
The ball python hisses angrily.
You hit the river rat but do no damage.
You barely miss the river rat with your +2 dagger of venom.
The ball python bites you. The ball python closely misses you. x2
The ball python barely misses you. The river rat bites you.
The ball python closely misses you. The ball python grabs you.
The ball python constricts you. 😕 HP[-3]
You take 3 damage, and now have 29/32 hp.
You barely miss the ball python with your +2 dagger of venom.
You hit the ball python with your +0 dagger of draining.
You kill the ball python!
The ball python bites you. The ball python closely misses you.
The river rat bites you but does no damage.
A rat comes into view.
Your unstable footing causes you to fumble your attack. x2
The ball python barely misses you. The ball python grabs you.
The ball python constricts you. The river rat bites you!
The ball python loses its grip on you.
Your unstable footing causes you to fumble your attack.
You barely miss the river rat with your +2 dagger of venom.
The rat squeaks loudly.
The ball python bites you.
* * * LOW HITPOINT WARNING * * *
The ball python misses you.
The ball python bites you but does no damage.
The ball python barely misses you. The river rat misses you.
The river rat barely misses you.
A rat comes into view. 😨 HP[-14]
You take 14 damage, and now have 15/32 hp.
MASSIVE DAMAGE!! (PAUSE)
The rat squeaks loudly.
You hit the river rat but do no damage.
The river rat is poisoned.
Your unstable footing causes you to fumble your attack.
The ball python bites you but does no damage.
The ball python closely misses you. x2; The ball python barely misses you.
The river rat misses you.
The river rat bites you but does no damage.
Unknown command.
It was a potion of magic.
Magic courses through your body. The ball python bites you.
* * * LOW HITPOINT WARNING * * *
The ball python barely misses you. The ball python misses you.
The ball python grabs you. The ball python constricts you.
The river rat bites you.
* * * LOW HITPOINT WARNING * * *
The river rat bites you.
* * * LOW HITPOINT WARNING * * *
The ball python bites you but does no damage. x2
The ball python constricts you.
It was a potion of mutation.
You feel extremely strange.
You feel a hidden malignance growing inside you.
A pair of antennae grows on your head!
Your +0 helmet falls away!
The river rat bites you.
* * * LOW HITPOINT WARNING * * *
The river rat bites you!
You die...

Skill      XL: |  1  2  3  4 |
---------------+-------------+-----
Axes           | 1 2 |  2.3
Evocations     | 5 6 |  6.3
Fighting       | |  1.0
Armour         | |  1.7
Dodging        | |  0.8
Stealth        | |  0.7

Action                     |  1- 3 |  4- 6 || total
---------------------------+-------+-------++-------
  Melee: Dagger            |    91 |    98 ||   189
         Club              |    77 |       ||    77
    Use: Scroll            |     5 |       ||     5
         Potion            |       |     2 ||     2
   Stab: Sleeping          |     2 |       ||     2
         Distracted        |     1 |       ||     1
 Armour: Leather armour    |    65 |    64 ||   129
  Dodge: Dodged            |    65 |    66 ||   131

Levels and vault maps discovered:
D:1:      saegor_arrival_miasma, layout_basic
D:2:      layout_loops_ring, kennysheep_cluttered_room, glass_columns_c,
          minmay_bisected
D:3:      layout_basic, gup_sewer_entry_glass,
          hellmonk_ecumenical_altar_watching_god, chequers_garden
Sewer:    sewer_minmay_w

Notes
Turn   | Place    | Note
-------+----------+-------------------------------------------
     0 | D:1      | ytrimaz the Coglin Artificer began the quest for the Orb.
     0 | D:1      | Reached XP level 1. HP: 15/15 MP: 1/1
     0 | D:1      | magus.rc [v1.9.6]
   136 | D:1      | Reached XP level 2. HP: 17/21 MP: 2/2
   572 | D:1      | Reached skill level 1 in Axes
   581 | D:1      | You pick up a book of Geomancy and begin reading...
   581 | D:1      | You add the spells Sandblast, Passwall, Stone Arrow and
                  | Brom's Barrelling Boulder to your library.
  1059 | D:2      | Reached skill level 5 in Evocations
  1059 | D:2      | Reached XP level 3. HP: 21/26 MP: 3/3
  1893 | D:3      | Reached XP level 4. HP: 32/32 MP: 4/4
  1967 | D:3      | Reached skill level 2 in Axes
  1968 | D:3      | Noticed an eye of devastation
  1972 | D:3      | Noticed a glass eye
  1974 | D:3      | Found a faded altar of an unknown god.
  1976 | D:3      | Noticed a golden eye
  1976 | D:3      | Noticed a golden eye
  2015 | D:3      | Found a glowing drain.
  2075 | D:3      | Reached skill level 6 in Evocations
  2085 | Sewer    | Entered a sewer
  2289 | Sewer    | HP: 8/32 [river rat (5)]
  2290 | Sewer    | Gained mutation: You have hidden genetic defects. [potion
                  | of mutation]
  2290 | Sewer    | Gained mutation: You have a pair of small antennae on your
                  | head. [potion of mutation]
  2290 | Sewer    | Slain by a river rat

Vanquished Creatures
  4 adders
  A river rat (Sewer)
  3 ribbon worms
  An orc (D:3)
  4 endoplasms
  3 giant cockroaches (D:3)
  A hobgoblin (D:2)
  A quokka (D:2)
  10 ball pythons
  12 bats
  2 frilled lizards
  4 goblins
  6 kobolds
  16 rats
68 creatures vanquished.

Table legend:
 A = Non-vault XP
 B = Vault XP
 C = Vault XP percentage of total XP
 D = Non-vault monster count
 E = Vault monster count
 F = Vault count percentage of total count
                 A         B        C        D         E       F
            +---------+---------+-------+---------+---------+-------
      Total |     111 |      52 |  31.9 |      47 |      21 |  30.9
            +---------+---------+-------+---------+---------+-------
        D:1 |      26 |       0 |   0.0 |      20 |       0 |   0.0
        D:2 |      43 |       4 |   8.5 |      16 |       2 |  11.1
        D:3 |      42 |      20 |  32.3 |      11 |       4 |  26.7
      Sewer |       0 |      28 | 100.0 |       0 |      15 | 100.0
            +---------+---------+-------+---------+---------+-------

Skill      XL: |  1  2  3  4 |
---------------+-------------+-----
Axes           | 1 2 |  2.3
Evocations     | 5 6 |  6.3
Fighting       | |  1.0
Armour         | |  1.7
Dodging        | |  0.8
Stealth        | |  0.7

Action                     |  1- 3 |  4- 6 || total
---------------------------+-------+-------++-------
  Melee: Dagger            |    91 |    98 ||   189
         Club              |    77 |       ||    77
    Use: Scroll            |     5 |       ||     5
         Potion            |       |     2 ||     2
   Stab: Sleeping          |     2 |       ||     2
         Distracted        |     1 |       ||     1
 Armour: Leather armour    |    65 |    64 ||   129
  Dodge: Dodged            |    65 |    66 ||   131

Illustrated notes

Table legend:
 A = Kills in this place as a percentage of kills in the entire game.
 B = Kills by you in this place as a percentage of kills by you in the entire game.
 C = Kills by friends in this place as a percentage of kills by friends in the entire game.
 D = Other kills in this place as a percentage of other kills in the entire game.
 E = Experience gained in this place as a percentage of experience gained in the entire game.
 F = Experience gained in this place divided by the number of levels of this place that you have seen.
                   A       B       C       D       E      F
               +-------+-------+-------+-------+-------+----------------------
         Total | 100.0 | 100.0 |   N/A |   N/A | 100.0 |  40.8
       Dungeon |  77.9 |  77.9 |   N/A |   N/A |  82.8 |  45.0
         Sewer |  22.1 |  22.1 |   N/A |   N/A |  17.2 |  28.0
               +-------+-------+-------+-------+-------+----------------------

Table legend: (Time is in decaauts)
 A = Elapsed time spent in this place.
 B = Non-inter-level travel time spent in this place.
 C = Inter-level travel time spent in this place.
 D = Time resting spent in this place.
 E = Time spent auto-exploring this place.
 F = Levels seen in this place.
 G = Mean time per level.
                   A        B        C        D        E       F      G
               +--------+--------+--------+--------+--------+-----+--------+
         Total |   2326 |   2168 |    158 |      0 |   1632 |   4 |  581.5 |
       Dungeon |   2098 |   1940 |    158 |      0 |   1491 |   3 |  699.3 |
         Sewer |    228 |    228 |      0 |      0 |    141 |   1 |  228.0 |
               +--------+--------+--------+--------+--------+-----+--------+

Top non-repeatable levels by time:
     D:1: 903 daAuts
     D:2: 831 daAuts
     D:3: 363 daAuts
   Sewer: 228 daAuts
